 Dungeon Sprint DCSS version 0.31-a0-986-g5e6e4ef867 (webtiles) character file.

Game seed: 15243251306116428510

15497 rocky1 the Wrestler (level 12, -9/73 HPs)
             Began as a Tengu Shapeshifter on Nov 6, 2023.
             Was the Champion of Cheibriados.
             Killed from afar by a red draconian (18 damage)
             ... with a searing blast
             ... in the Dungeon (Sprint VII: "The Pits").
             The game lasted 00:06:00 (1998 turns).

rocky1 the Wrestler (Tengu Shapeshifter)            Turns: 1998, Time: 00:06:00

Health: -9/73      AC: 17    Str: 33      XL:     12   Next: 27%
Magic:  21/21      EV: 19    Int: 29 (30) God:    Cheibriados [******]
Gold:   61         SH:  0    Dex: 32      Spells: 11/11 levels left

rFire   . .          .
                       - Unarmed
rCold   . . .        (no shield)
rNeg    . . .        p - +2 plate armour
rPois   .            (helmet currently unavailable)
rElec   .            (cloak currently unavailable)
rCorr   .            (gloves currently unavailable)
SInv    .            (boots unavailable)
Will    .....        (no amulet) Stlth
                     i - +3 ring of intelligence
HPRegen 0.32/turn    q - +3 ring of dexterity
MPRegen 0.17/turn

%: no teleportation, acrobat
@: beast-form, flying, very slow
A: beast (slay +4), flying, beak, talons 3, evasive flight, acrobatic
a: Begin Untransformation, Renounce Religion, Bend Time, Temporal Distortion,
Slouch, Step From Time


You were in the Dungeon.
You worshipped Cheibriados.
Cheibriados was exalted by your worship.
You were a hulking beast.
You visited 1 branch You collected 61 gold pieces.

Inventory:

Armour
 a - a +0 animal skin
 o - a +3 ring mail
 p - a +2 plate armour (worn)
 u - a +5 ring mail
 v - a +2 hat of willpower
 I - a +2 ring mail of fire resistance
Jewellery
 i - a +3 ring of intelligence (left hand)
 q - a +3 ring of dexterity (right hand)
 F - a +6 ring of intelligence
 G - a ring of willpower
 H - a ring of positive energy
Talismans
 c - a beast talisman
 d - a flux talisman
Wands
 C - a wand of quicksilver (7)
Scrolls
 j - a scroll of blinking
 l - 2 scrolls of vulnerability
 m - 5 scrolls of amnesia
 n - a scroll of summoning
 w - 2 scrolls of fog
 x - 4 scrolls of enchant armour
 y - 4 scrolls of identify
 z - 2 scrolls of enchant weapon
 E - a scroll of silence
Potions
 b - a potion of lignification
 e - 8 potions of curing
 f - 10 potions of heal wounds
 g - a potion of haste
 h - a potion of magic
 k - 2 potions of invisibility
 r - 3 potions of resistance
 s - 3 potions of might
 t - 2 potions of mutation
 A - a potion of brilliance
 B - a potion of berserk rage
 D - a potion of attraction


   Skills:
 * Level 7.8 Fighting
 + Level 13.1 Armour
 + Level 6.9 Dodging
 + Level 5.6 Stealth
 + Level 22.4 Unarmed Combat
 - Level 11.0 Invocations
 + Level 9.9 Shapeshifting


You had 11 spell levels left.
You didn't know any spells.
Your spell library was empty.

Dungeon Overview and Level Annotations

Branches:
Dungeon (1/1)

Altars:
Ashenzari
Cheibriados
Dithmenos
Elyvilon
Fedhas
Gozag
Hepliaklqana
Kikubaaqudgha
Makhleb
Nemelex Xobeh
Okawaru
Qazlal
Ru
Sif Muna
Trog
Uskayaw
Vehumet
Wu Jian
Xom
Yredelemnul
Zin
The Shining One
Jiyva
Lugonu


Innate Abilities, Weirdness & Mutations

You are a hulking beast.
Your limbs bulge with bestial killing power. (Slay +4)
You are flying.
You have a beak for a mouth.
You have claws for feet.
Your magical flight helps you evade attacks. (EV +4)
You can magically evade attacks while moving or waiting.


Message History

You feel you are being watched by something.
You feel your power leaking away. The profane servitor barely misses you.
The profane servitor completely misses you.
Activating: Slouch (1% risk of failure)
Press: ? - help, Dir - look around, f - activate You can feel time thicken for a moment.
Cheibriados appreciates the change of pace.
Reactivating autopickup.
You feel a bit more experienced.
You kill the five-headed hydra!
Cheibriados appreciates the change of pace.
The profane servitor hits you with a +1 whip.
* * * LOW HITPOINT WARNING * * *
The profane servitor draws strength from your injuries!
The profane servitor hits you with a +1 whip.
* * * LOW HITPOINT WARNING * * *
You feel drained.
* * * LOW HITPOINT WARNING * * *
The red draconian hits you but does no damage.
The profane servitor hits you with a +1 whip.
* * * LOW HITPOINT WARNING * * *
The profane servitor draws strength from your injuries!
The profane servitor completely misses you.
You feel your strength returning.
Your life force feels restored.
Your Armour skill increases to level 13!
Your Unarmed Combat skill increases to level 22!
Unknown command.
Blink to where?
Press: ? - help, Dir - move target
As you read the scroll of blinking, it crumbles to dust.
You feel much better.
You feel much better. The red draconian breathes fire at you.
The searing blast hits you!! Magic courses through your body.
You are engulfed in blazing flames.
* * * LOW HITPOINT WARNING * * *
The red draconian breathes fire at you. The searing blast hits you!!
You die...

##++ #### .
.......# .. ......#
.#. ..#..#
+..........#
#..........#
#..#....#..#
+........h.#
+..........#
#..#....#..#
#..........+
#...s......+
###'d####''#
###'A####''########
#..C...##...†......
#.#'##.##...)......


You could see a profane servitor, an emperor scorpion, a red draconian (catching
breath) and a fire giant.

Vanquished Creatures
  Gastronok (D)
  An emperor scorpion (D)
  A ghost moth (D)
  Nessos (D)
  2 hydras (D)
  2 two-headed ogres (D)
  2 death yaks (D)
  A shadow wraith (D)
  A deep troll (D)
  A lindwurm (D)
  A necromancer (D)
  A phantasmal warrior (D)
  An orc sorcerer (D)
  2 orange demons (D)
  2 elephants (D)
  A black mamba (D)
  Psyche (D)
  A kobold demonologist (D)
  A komodo dragon (D)
  2 hellwings (D)
  A guardian mummy (D)
  A wandering mushroom (D)
  A polar bear (D)
  2 hornets (D)
  2 flying skulls (D)
  A spriggan (D)
  A shadow (D)
  3 ynoxinuls (D)
  2 redbacks (D)
  A water moccasin (D)
  A swamp drake (D)
  A wolf (D)
  A centaur (D)
  A bullfrog (D)
  A scorpion (D)
  An earth elemental (D)
  4 killer bees (D)
  A crimson imp (D)
  An orc wizard (D)
  A mummy (D)
  A gnoll (D)
  2 adders (D)
  A river rat (D)
  2 ufetubi (D)
  3 adder skeletons (D)
  4 orcs (D)
  A ball python (D)
  2 bat skeletons (D)
  A goblin (D)
  5 jackals (D)
  2 kobolds (D)
  A quokka (D)
  A jackal skeleton (D)
  A quokka skeleton (D)
  A quokka zombie (D)
  A rat (D)
83 creatures vanquished.

Notes
Turn   | Place    | Note
-------+----------+-------------------------------------------
     0 | D        | rocky1 the Tengu Shapeshifter began the quest for the Orb.
     0 | D        | Reached XP level 1. HP: 12/12 MP: 2/2
    18 | D        | Reached skill level 4 in Unarmed Combat
    18 | D        | Reached XP level 2. HP: 7/16 MP: 3/3
    93 | D        | Found a bloodstained altar of Trog.
    93 | D        | Found a shimmering blue altar of Sif Muna.
    93 | D        | Found a viscous altar of Jiyva.
    93 | D        | Found a hazy altar of Hepliaklqana.
    93 | D        | Found an opulent altar of Gozag.
    94 | D        | Found a glowing golden altar of the Shining One.
    94 | D        | Found a glowing silver altar of Zin.
    94 | D        | Found a basalt altar of Yredelemnul.
    94 | D        | Found a shimmering altar of Xom.
    94 | D        | Found an ornate altar of the Wu Jian Council.
    94 | D        | Found a sacrificial altar of Ru.
    94 | D        | Found a stormy altar of Qazlal.
    94 | D        | Found an iron altar of Okawaru.
    94 | D        | Found a sparkling altar of Nemelex Xobeh.
    94 | D        | Found a burning altar of Makhleb.
    94 | D        | Found a blossoming altar of Fedhas.
    94 | D        | Found a white marble altar of Elyvilon.
    94 | D        | Found a shadowy altar of Dithmenos.
    94 | D        | Found a snail-covered altar of Cheibriados.
    97 | D        | Found a corrupted altar of Lugonu.
    97 | D        | Found a radiant altar of Vehumet.
    98 | D        | Found an ancient bone altar of Kikubaaqudgha.
    98 | D        | Found a hide-covered altar of Uskayaw.
    98 | D        | Found a broken altar of Ashenzari.
   105 | D        | Became a worshipper of Cheibriados the Contemplative
   132 | D        | Reached * piety under Cheibriados
   133 | D        | Reached skill level 1 in Stealth
   133 | D        | Reached skill level 5 in Unarmed Combat
   133 | D        | Reached skill level 1 in Invocations
   133 | D        | Reached XP level 3. HP: 18/20 MP: 4/4
   144 | D        | Reached ** piety under Cheibriados
   146 | D        | Reached *** piety under Cheibriados
   156 | D        | Noticed a water moccasin
   159 | D        | Killed a water moccasin
   160 | D        | Reached skill level 7 in Unarmed Combat
   160 | D        | Reached skill level 5 in Shapeshifting
   160 | D        | Reached XP level 4. HP: 25/25 MP: 5/7
   160 | D        | Reached XP level 5. HP: 29/29 MP: 5/8
   162 | D        | Reached **** piety under Cheibriados
   252 | D        | Noticed a centaur
   254 | D        | Reached ***** piety under Cheibriados
   266 | D        | Killed a centaur
   267 | D        | Reached skill level 8 in Unarmed Combat
   267 | D        | Reached XP level 6. HP: 35/35 MP: 8/10
   279 | D        | Reached skill level 9 in Unarmed Combat
   395 | D        | Noticed a deep troll
   400 | D        | Killed a deep troll
   400 | D        | Reached ****** piety under Cheibriados
   401 | D        | Reached skill level 5 in Dodging
   401 | D        | Reached skill level 11 in Unarmed Combat
   401 | D        | Gained mutation: Your magical flight helps you evade
                  | attacks. (EV +4) [Tengu growth]
   401 | D        | Reached XP level 7. HP: 22/40 MP: 10/12
   596 | D        | Reached XP level 8. HP: 45/45 MP: 13/13
   703 | D        | Noticed a death yak
   703 | D        | Noticed a ynoxinul
   714 | D        | Killed a death yak
   715 | D        | Reached skill level 1 in Armour
   715 | D        | Reached skill level 12 in Unarmed Combat
   719 | D        | Killed a ynoxinul
   720 | D        | Reached skill level 13 in Unarmed Combat
   921 | D        | Noticed a hellwing
   925 | D        | Reached XP level 9. HP: 50/51 MP: 9/15
   928 | D        | Killed a hellwing
   978 | D        | Killed a shadow wraith
   979 | D        | Reached skill level 5 in Stealth
   979 | D        | Reached skill level 14 in Unarmed Combat
  1053 | D        | Noticed a six-headed hydra
  1053 | D        | Noticed a hornet
  1054 | D        | Killed a hornet
  1055 | D        | Reached skill level 15 in Unarmed Combat
  1057 | D        | Killed a six-headed hydra
  1058 | D        | Reached XP level 10. HP: 22/57 MP: 1/18
  1192 | D        | Noticed a necromancer
  1192 | D        | Noticed a two-headed ogre
  1194 | D        | Reached skill level 5 in Armour
  1199 | D        | Killed a two-headed ogre
  1200 | D        | Reached skill level 16 in Unarmed Combat
  1200 | D        | Reached skill level 10 in Invocations
  1205 | D        | Killed a necromancer
  1298 | D        | Noticed an elephant
  1305 | D        | Killed an elephant
  1319 | D        | Noticed Gastronok
  1319 | D        | Noticed a black mamba
  1323 | D        | Killed a black mamba
  1324 | D        | Reached skill level 17 in Unarmed Combat
  1329 | D        | Killed Gastronok
  1330 | D        | Reached skill level 5 in Fighting
  1330 | D        | Reached skill level 18 in Unarmed Combat
  1330 | D        | Reached XP level 11. HP: 33/63 MP: 20/20
  1437 | D        | Noticed a spriggan rider
  1437 | D        | Noticed a lindwurm
  1443 | D        | Killed a lindwurm
  1444 | D        | Reached skill level 19 in Unarmed Combat
  1468 | D        | Noticed Nessos
  1471 | D        | Killed Nessos
  1472 | D        | Reached skill level 10 in Armour
  1475 | D        | Noticed a death yak
  1479 | D        | Reached skill level 20 in Unarmed Combat
  1487 | D        | Killed a death yak
  1625 | D        | Noticed Psyche
  1629 | D        | Killed Psyche
  1771 | D        | Noticed a phantasmal warrior
  1771 | D        | Noticed an orc sorcerer
  1773 | D        | Killed an orc sorcerer
  1774 | D        | Reached skill level 21 in Unarmed Combat
  1775 | D        | Killed a phantasmal warrior
  1809 | D        | Noticed a two-headed ogre
  1809 | D        | Noticed an emperor scorpion
  1815 | D        | Killed a two-headed ogre
  1816 | D        | Reached XP level 12. HP: 47/71 MP: 15/21
  1828 | D        | Killed an emperor scorpion
  1988 | D        | Noticed a profane servitor
  1988 | D        | Noticed a fire giant
  1988 | D        | Noticed a red draconian
  1988 | D        | Noticed a five-headed hydra
  1988 | D        | Noticed an emperor scorpion
  1994 | D        | Killed a ghost moth
  1994 | D        | Killed a five-headed hydra
  1995 | D        | Reached skill level 22 in Unarmed Combat
  1998 | D        | Killed from afar by a red draconian

Illustrated notes

Levels and vault maps discovered:
D:        pitsprint [storerooms_1, entrance_room_1, metal_vault_5, armoury_1,
          mini_pit_1, grid_room_1, main_hall_1, silver_pit, the_coven_1,
          the_vestibule_1, steel_vault_4, golden_pit, hallway_of_sentries,
          crystal_vault_2, iron_vault_4, final_vault]

Skill      XL: |  1  2  3  4  5  6  7  8  9 10 11 12 |
---------------+-------------------------------------+-----
Unarmed Combat | 4 5 7 8 11 13 15 18 21 22 | 22.4
Shapeshifting  | 3 4 5 6 8 9 |  9.9
Stealth        | 1 2 3 4 5 |  5.6
Invocations    | 1 3 4 6 7 9 11 | 11.0
Dodging        | 3 4 5 6 |  6.9
Fighting       | 2 3 4 5 6 7 |  7.8
Armour         | 2 4 8 12 13 | 13.1

Action                     |  1- 3 |  4- 6 |  7- 9 | 10-12 || total
---------------------------+-------+-------+-------+-------++-------
  Melee: Unarmed           |    19 |    30 |    27 |    88 ||   164
         Kick              |     5 |     9 |     9 |    36 ||    59
         Peck              |     4 |     6 |     3 |    27 ||    40
         Punch             |     1 |     1 |     1 |    14 ||    17
 Invoke: Slouch            |       |       |     5 |    11 ||    16
    Use: Potion            |     1 |     1 |     1 |     7 ||    10
         Scroll            |       |       |       |     1 ||     1
   Stab: Sleeping          |     1 |       |       |       ||     1
 Armour: Animal skin       |     5 |     3 |       |       ||     8
         Plate armour      |       |    19 |    23 |    56 ||    98
  Dodge: Dodged            |    13 |    33 |    29 |    91 ||   166

Table legend: (Time is in decaauts)
 A = Elapsed time spent in this place.
 B = Non-inter-level travel time spent in this place.
 C = Inter-level travel time spent in this place.
 D = Time resting spent in this place.
 E = Time spent auto-exploring this place.
 F = Levels seen in this place.
 G = Mean time per level.
                   A        B        C        D        E       F      G
               +--------+--------+--------+--------+--------+-----+--------+
         Total |   2429 |   2281 |    148 |   1256 |      0 |   1 | 2429.0 |
       Dungeon |   2429 |   2281 |    148 |   1256 |      0 |   1 | 2429.0 |
               +--------+--------+--------+--------+--------+-----+--------+

Top non-repeatable levels by time:
       D: 2429 daAuts
